 Dungeon Crawl Stone Soup version 0.31-a0-832-g3a2c1c66ba (webtiles) character file.

Game seed: 7633185384119700435

100 Ethylacetat the Ducker (level 4, -1/30 HPs)
             Began as an Octopode Gladiator on Sept 25, 2023.
             Slain by Sigmund
             ... wielding a +0 scythe
              (5 damage)
             ... on level 2 of the Dungeon.
             The game lasted 00:02:39 (1371 turns).

Ethylacetat the Ducker (Octopode Gladiator)         Turns: 1371, Time: 00:02:40

Health: -1/30      AC:  1    Str: 13    XL:     4   Next: 73%
Magic:  4/4        EV: 14    Int: 10    God:
Gold:   62         SH:  0    Dex: 15    Spells: 3/3 levels left

rFire   . . .        f - +2 short sword (vamp)
rCold   . . .        (no shield)
rNeg    . . .        a - melded +0 hat
rPois   .            (no amulet)
rElec   .            (no ring)
rCorr   .            (no ring)
SInv    .            (no ring)
Will    .....        (no ring)
Stlth   ++           (no ring)
HPRegen 0.25/turn    (no ring)
MPRegen 0.09/turn    (no ring)
                     (no ring)

%: no passive effects
@: confused, lethally poisoned (-1 -> -1), beast-form, ambrosia-drunk
A: beast (slay +1), almost no armour, amphibious, 8 rings, camouflage 1,
gelatinous body 1, (nimble swimmer 1), tentacles
a: Begin Untransformation


You were on level 2 of the Dungeon.
You were a hulking beast.
You visited 1 branch of the dungeon, and saw 2 of its levels.

You collected 62 gold pieces.

Inventory:

Hand Weapons
 f - a +2 vampiric short sword (weapon)
Missiles
 b - 3 throwing nets (quivered)
 c - a javelin
Armour
 a - a +0 hat (melded)
Talismans
 d - a beast talisman (active)
Scrolls
 h - a scroll of identify {unknown}
 i - a scroll of summoning {unknown}
Potions
 g - a potion of ambrosia
 j - a potion of degeneration {unknown}


   Skills:
 + Level 2.7 Fighting
 + Level 1.1 Short Blades
 - Level 2.0 Throwing
 + Level 3.5 Dodging
 + Level 2.2 Stealth
 - Level 3.0 Unarmed Combat
 * Level 1.8 Shapeshifting


You had 3 spell levels left.
You didn't know any spells.
Your spell library was empty.

Dungeon Overview and Level Annotations

Branches:
Dungeon (2/15)

Altars:
Trog

Annotations:
D:2 Sigmund


Innate Abilities, Weirdness & Mutations

You are a hulking beast.
Your limbs bulge with bestial killing power. (Slay +1)
You cannot wear most types of armour.
You are amphibious.
You can wear up to eight rings at the same time.
Your skin changes colour to match your surroundings (Stealth+).
Your rubbery body absorbs attacks. (AC +1, EV +1)
((You are camouflaged when in or above water. (Stealth+)))
You have tentacles for arms and can constrict up to eight enemies at once.


Message History

The adder is moderately wounded.
You feel sick. The adder closely misses you. Something hits you.
* * * LOW HITPOINT WARNING * * *
It was a potion of ambrosia.
You are confused.
You feel invigorated.
You feel sick. The adder closely misses you. The adder completely misses you.
You feel sick. The adder attacks as it pursues you! The adder misses you.
You miss the adder.
The adder is moderately wounded.
You feel less invigorated.
You feel less confused.
You feel sick.
You are no longer poisoned.
The adder bites you.
You are poisoned.
The adder poisons you!
You hit the adder. Your grab misses the adder.
The adder is severely wounded.
You feel sick. The adder bites you.
* * * LOW HITPOINT WARNING * * *
Something hits you.
* * * LOW HITPOINT WARNING * * *
Unknown command.
It was a potion of curing.
You feel better. The adder bites you.
* * * LOW HITPOINT WARNING * * *
You are poisoned.
The adder poisons you! Something hits you.
* * * LOW HITPOINT WARNING * * *
The adder closely misses you.
You are confused.
You feel invigorated.
You feel sick. The adder bites you.
* * * LOW HITPOINT WARNING * * *
You feel sick. The adder closely misses you. Something hits you!
* * * LOW HITPOINT WARNING * * *
You feel sick.
You feel sick. The adder bites you.
* * * LOW HITPOINT WARNING * * *
The adder misses you. Something hits you.
You die...

#.# #. ##.# #.#
#.#####..#
########.#
.).......#
.........#
##+####..#
##########
##.8.##...#
##...##....#
##...##.†...# #.
##...##S.###.....
..++.8.''.h.#
#####
...##...##..##
######
#..##...##.[##
......
#..##...##).##
#####.
#..##.8.##..#
#####.)##+####.#
...............#
#######.########
### #.#


You could see an adder.

Vanquished Creatures
  A gnoll (D:1)
  4 adders (D:2)
  4 bats
  4 endoplasms
  4 giant cockroaches
  4 hobgoblins
  4 jackals (D:2)
  6 kobolds
  2 quokkas
  9 ball pythons
  4 frilled lizards
  4 goblins
50 creatures vanquished.

Notes
Turn   | Place    | Note
-------+----------+-------------------------------------------
     0 | D:1      | Ethylacetat the Octopode Gladiator began the quest for the
                  | Orb.
     0 | D:1      | Reached XP level 1. HP: 14/14 MP: 1/1
   133 | D:1      | Reached skill level 1 in Stealth
   193 | D:1      | Reached XP level 2. HP: 15/19 MP: 2/2
   737 | D:1      | Reached skill level 1 in Shapeshifting
   737 | D:1      | Reached XP level 3. HP: 5/25 MP: 3/3
   925 | D:2      | Found a bloodstained altar of Trog.
  1001 | D:2      | Reached XP level 4. HP: 25/30 MP: 4/4
  1091 | D:2      | Reached skill level 1 in Short Blades
  1354 | D:2      | Noticed Sigmund
  1369 | D:2      | HP: 1/30 [something (7)]
  1371 | D:2      | Slain by Sigmund

Illustrated notes

Levels and vault maps discovered:
D:1:      wander_arrival_estate, layout_basic
D:2:      layout_loops_ring, basic_altar, grunt_decor_arrowhead, uniq_sigmund

Skill      XL: |  1  2  3  4 |
---------------+-------------+-----
Stealth        | 1 2 |  2.2
Shapeshifting  | 1 |  1.8
Short Blades   | 1 |  1.1
Fighting       | |  2.7
Throwing       | |  2.0
Dodging        | |  3.5
Unarmed Combat | |  3.0

Action                     |  1- 3 |  4- 6 || total
---------------------------+-------+-------++-------
  Melee: Unarmed           |    19 |       ||    19
         Constrict         |    14 |     9 ||    23
         Tentacles         |    11 |     3 ||    14
         Short sword       |    32 |    46 ||    78
         Punch             |       |     1 ||     1
    Use: Potion            |       |     3 ||     3
   Stab: Sleeping          |     9 |     6 ||    15
 Armour: Skin              |    21 |    25 ||    46
  Dodge: Dodged            |    24 |    43 ||    67
   Form: Beast             |     1 |       ||     1

Table legend: (Time is in decaauts)
 A = Elapsed time spent in this place.
 B = Non-inter-level travel time spent in this place.
 C = Inter-level travel time spent in this place.
 D = Time resting spent in this place.
 E = Time spent auto-exploring this place.
 F = Levels seen in this place.
 G = Mean time per level.
                   A        B        C        D        E       F      G
               +--------+--------+--------+--------+--------+-----+--------+
         Total |   1366 |   1349 |     17 |      0 |   1048 |   2 |  683.0 |
       Dungeon |   1366 |   1349 |     17 |      0 |   1048 |   2 |  683.0 |
               +--------+--------+--------+--------+--------+-----+--------+

Top non-repeatable levels by time:
     D:1: 911 daAuts
     D:2: 454 daAuts
